[Event "GEO-ch 1st League 2021"]
[Site "Tbilisi"]
[Date "2021.03.31"]
[Round "3.11"]
[White "Adamia, Jaba"]
[Black "Kitesashvili, Giorgi"]
[Result "1-0"]
[ECO "A52"]
[WhiteElo "1899"]
[BlackElo "1749"]
[Annotator "NA"]
[PlyCount "104"]
[EventDate "2021.03.29"]
[EventType "swiss"]
[EventCountry "GEO"]
[SourceTitle "playchess.com"]
[Source "ChessBase"]
[SourceQuality "1"]
[TimeControl "5400+30"]

1. d4 Nf6 2. c4 e5 3. dxe5 Ng4 4. Bf4 Nc6 5. Nf3 Bb4+ 6. Nc3 Qe7 7. Qd5 Bxc3+ 8. bxc3 f6 9. exf6 Nxf6 10. Qd3 d6 11. e3 Ne4 12. Nd4 O-O 13. Be2 Nxf2 14. Kxf2 Ne5 15. Qd1 g5 16. g3 gxf4 17. exf4 Bh3 18. Re1 Qg7 19. Bf3 Nxf3 20. Qxf3 c6 21. Ne6 Bxe6 22. Rxe6 Rf6 23. Re2 Raf8 24. Rae1 Qg6 $18 25. Re4 Qf5 26. R1e2 a5 27. Kg2 Rg6 28. Qe3 h5 29. Re8 Qf7 30. Rxf8+ Kxf8 31. f5 Rf6 32. Qg5 d5 33. c5 d4 34. cxd4 Qd5+ 35. Kh3 Qxf5+ 36. Qxf5 Rxf5 37. Rb2 Rd5 38. Rxb7 Rxd4 39. Rb6 Ra4 40. Rxc6 Rxa2 41. Rh6 a4 42. Rxh5 a3 43. c6 Ke7 44. c7 Kd7 45. Rc5 Kc8 46. Rc3 Ra1 47. g4 a2 48. Rc2 Rd1 49. Rxa2 Kxc7 50. Re2 Kd6 51. Kh4 Rd4 52. Kh5 Kd5 1-0

[Event "GEO-ch 1st League 2021"]
[Site "Tbilisi"]
[Date "2021.03.31"]
[Round "3.12"]
[White "Kachkachishvili, Lasha"]
[Black "Esadze, Tamari"]
[Result "0-1"]
[ECO "B50"]
[WhiteElo "1681"]
[BlackElo "1889"]
[Annotator "NA"]
[PlyCount "96"]
[EventDate "2021.03.29"]
[EventType "swiss"]
[EventCountry "GEO"]
[SourceTitle "playchess.com"]
[Source "ChessBase"]
[SourceQuality "1"]
[TimeControl "5400+30"]

1. e4 c5 2. Nf3 d6 3. c3 Nf6 4. Qc2 Qc7 5. Bc4 e6 6. d4 cxd4 7. cxd4 Bd7 8. O-O Be7 9. Bf4 Nh5 10. Be3 O-O 11. Qd3 Nc6 12. Rc1 Qd8 13. Nc3 Rc8 14. a3 Nf6 15. h3 h6 16. Ba2 Nh7 17. d5 Ne5 18. Nxe5 dxe5 $16 19. Bxa7 b6 20. dxe6 Bxe6 21. Qxd8 Bxd8 22. Bxe6 fxe6 23. Nb5 Bg5 24. Rc3 Nf6 25. f3 Rxc3 26. bxc3 Be3+ 27. Kf1 Bc5 28. Ke2 Nh5 29. Rd1 Nf4+ 30. Kf1 Kh7 31. a4 Rc8 32. Rd7 Nh5 33. h4 Ng3+ 34. Ke1 Nh5 35. Kd2 Nf4 36. g3 Nh5 37. g4 Nf4 38. Nc7 Ng6 39. Nxe6 Nxh4 40. Ke2 Kg6 41. Nxg7 Bg1 42. Nh5 Kg5 43. a5 Rxc3 44. axb6 Nxf3 45. Rg7+ Kh4 46. Nf6 Rb3 47. Rg6 Nd4+ 48. Kd1 Be3 0-1

[Event "GEO-ch 1st League 2021"]
[Site "Tbilisi"]
[Date "2021.04.01"]
[Round "4.1"]
[White "Akhvlediani, Irakli"]
[Black "Morchiashvili, Bachana"]
[Result "0-1"]
[ECO "E90"]
[WhiteElo "2355"]
[BlackElo "2313"]
[Annotator "RC"]
[PlyCount "92"]
[EventDate "2021.03.29"]
[EventType "swiss"]
[EventCountry "GEO"]
[SourceTitle "playchess.com"]
[Source "ChessBase"]
[SourceQuality "1"]
[TimeControl "5400+30"]

1. d4 Nf6 2. c4 g6 3. Nf3 Bg7 4. Nc3 O-O 5. e4 d6 6. h3 e5 7. d5 Nh5 8. g3 f5 9. exf5 gxf5 10. Nh4 Qe8 11. Be2 Nf6 12. Bg5 Na6 13. Qc2 Nb4 14. Qb3 a5 15. a3 Na6 16. Qc2 Bd7 17. O-O-O Nc5 18. Be3 Nfe4 19. Nb5 Qe7 20. Bd3 c6 21. dxc6 Bxc6 22. Rhg1 Nxd3+ 23. Qxd3 f4 24. gxf4 Qxh4 25. Rg4 Qe7 26. Rdg1 Rf7 27. fxe5 dxe5 28. Rxe4 Rd8 29. Qc2 Bxe4 30. Qxe4 Kh8 31. c5 Bf6 32. Nd6 Rg7 33. Rxg7 Qxg7 34. Qxb7 Be7 35. Qc7 a4 36. Kc2 Qg6+ 37. Kd2 Qe6 38. Ke2 Rf8 39. Bh6 Qxh6 40. Qxe7 Qf4 41. Kd1 Qf3+ 42. Kc2 Qxf2+ 43. Kb1 Qg1+ 44. Ka2 Qg8+ 45. Kb1 Rf1+ 46. Kc2 Qb3+ 0-1

[Event "GEO-ch 1st League 2021"]
[Site "Tbilisi"]
[Date "2021.04.01"]
[Round "4.9"]
[White "Tsanatsqenishvili, Alexandre"]
[Black "Adamia, Jaba"]
[Result "0-1"]
[ECO "B43"]
[WhiteElo "1702"]
[BlackElo "1899"]
[Annotator "NA RC"]
[PlyCount "64"]
[EventDate "2021.03.29"]
[EventType "swiss"]
[EventCountry "GEO"]
[SourceTitle "playchess.com"]
[Source "ChessBase"]
[SourceQuality "1"]
[TimeControl "5400+30"]

1. e4 c5 2. Nf3 e6 3. d4 cxd4 4. Nxd4 a6 5. Nc3 Qc7 6. g3 Bb4 7. Nde2 Nf6 8. Bg2 Be7 9. O-O Nc6 10. a4 {[%emt 0:04:42] is now debated instead of 10.h3.} O-O 11. Nf4 d6 12. Nd3 Rb8 {[%emt 0:14:22] [#]} 13. Bf4 $146 ({Predecessor:} 13. g4 b5 14. axb5 axb5 15. g5 Nd7 16. f4 b4 17. Ne2 Qb6+ 18. Kh1 b3 19. c3 {1-0 (60) Garcia,G (2510)-Zapata,A (2470) Pensilvania 1998}) 13... Ne5 14. Ne2 b6 15. c3 (15. Ra3 $11) 15... Bb7 16. f3 Rfd8 17. Kh1 (17. Be3 $15) 17... Nxd3 18. Qxd3 e5 19. Bg5 d5 20. Qb1 (20. Bxf6 $17 {is a better defense.} Bxf6 21. Qc2) 20... dxe4 21. fxe4 $19 Nxe4 22. Bxe4 Bxg5 23. Ng1 Qc4 24. Bxb7 Rxb7 25. Qf5 Bf6 26. Rfe1 Qc6+ 27. Qf3 Qxf3+ 28. Nxf3 Re7 29. Rad1 Rxd1 30. Rxd1 Re6 31. Nd2 Rd6 32. h4 e4 0-1

[Event "GEO-ch 1st League 2021"]
[Site "Tbilisi"]
[Date "2021.04.02"]
[Round "5.1"]
[White "Morchiashvili, Bachana"]
[Black "Azaladze, Shota"]
[Result "1/2-1/2"]
[ECO "D14"]
[WhiteElo "2313"]
[BlackElo "2439"]
[Annotator "ChessBase"]
[PlyCount "62"]
[EventDate "2021.03.29"]
[EventType "swiss"]
[EventCountry "GEO"]
[SourceTitle "playchess.com"]
[Source "ChessBase"]
[SourceQuality "1"]
[TimeControl "5400+30"]

1. d4 d5 2. c4 c6 3. Nf3 Nf6 4. cxd5 cxd5 5. Nc3 Nc6 6. Bf4 Bf5 7. e3 e6 8. Bd3 Bxd3 9. Qxd3 Bd6 10. Bxd6 Qxd6 11. O-O O-O 12. Rfc1 Rfc8 13. Ne2 Ne7 14. h3 a6 15. a3 h6 16. Rxc8+ Rxc8 17. Rc1 Rxc1+ 18. Nxc1 Ne4 19. Qc2 Qc6 20. Qxc6 Nxc6 21. Nd3 Kf8 22. Kf1 Ke7 23. Ke2 g5 24. Nfe5 Nxe5 25. Nxe5 f6 26. Nd3 b6 27. f3 Nd6 28. b3 a5 29. Kd2 Kd7 30. a4 Ke7 31. g4 Kd7 1/2-1/2

[Event "GEO-ch 1st League 2021"]
[Site "Tbilisi"]
[Date "2021.04.02"]
[Round "5.2"]
[White "Petriashvili, Nikoloz"]
[Black "Lortkipanidze, Nodar"]
[Result "0-1"]
[ECO "B15"]
[WhiteElo "2425"]
[BlackElo "2416"]
[Annotator "ChessBase"]
[PlyCount "88"]
[EventDate "2021.03.29"]
[EventType "swiss"]
[EventCountry "GEO"]
[SourceTitle "playchess.com"]
[Source "ChessBase"]
[SourceQuality "1"]
[TimeControl "5400+30"]

1. e4 c6 2. d4 d5 3. Nc3 dxe4 4. Nxe4 Nf6 5. Nxf6+ exf6 6. c3 Bd6 7. Bd3 Na6 8. Ne2 Nc7 9. O-O h5 10. Re1 Kf8 11. Ng3 h4 12. Nf5 Bxf5 13. Bxf5 g6 14. Bc2 Kg7 15. Qf3 a5 16. a4 Nd5 17. Bb3 Rh5 18. Bxd5 cxd5 19. Qh3 Rf5 20. b3 Rc8 21. Bd2 Qc7 22. Rac1 Qb6 23. Rb1 Bb8 24. Re2 Rh8 25. Ree1 Qd6 26. b4 axb4 27. Rxb4 Qa6 28. Reb1 Re8 29. Be3 Bf4 30. Re1 Bxe3 31. fxe3 Qd3 32. Rxb7 Qd2 33. Rbb1 Rb8 34. Qxh4 Rxb1 35. Rxb1 Qxe3+ 36. Kh1 Qxc3 37. h3 Qc2 38. Qe1 Qxa4 39. Qe3 g5 40. Rb7 Qd1+ 41. Kh2 Rf1 42. Re7 Rh1+ 43. Kg3 Qh5 44. Qf2 f5 0-1

[Event "GEO-ch 1st League 2021"]
[Site "Tbilisi"]
[Date "2021.04.02"]
[Round "5.3"]
[White "Arabidze, Meri"]
[Black "Bagaturov, Giorgi"]
[Result "1-0"]
[ECO "A90"]
[WhiteElo "2437"]
[BlackElo "2431"]
[Annotator "ChessBase"]
[PlyCount "137"]
[EventDate "2021.03.29"]
[EventType "swiss"]
[EventCountry "GEO"]
[SourceTitle "playchess.com"]
[Source "ChessBase"]
[SourceQuality "1"]
[TimeControl "5400+30"]

1. d4 e6 2. c4 f5 3. Nf3 Nf6 4. g3 d5 5. Bg2 c6 6. O-O Bd6 7. Nc3 O-O 8. Rb1 Qe7 9. a3 Nbd7 10. Qc2 Ne4 11. b4 Nxc3 12. Qxc3 Nf6 13. Ne5 Bd7 14. Bf4 Nh5 15. Bd2 Nf6 16. Qc1 Rac8 17. a4 Be8 18. Nd3 Bh5 19. Re1 Rfd8 20. c5 Bb8 21. Bf4 Bxf4 22. Qxf4 a6 23. Rb2 Ra8 24. Bf1 Ne4 25. f3 Nf6 26. Reb1 Be8 27. Qe5 Nd7 28. Qf4 Nf8 29. Ne5 Qf6 30. Qe3 Nd7 31. Nd3 Nf8 32. f4 Rab8 33. Qf2 h6 34. e3 Ng6 35. Be2 Nf8 36. Nc1 Ra8 37. Na2 Rdb8 38. b5 axb5 39. axb5 Ra5 40. bxc6 Bxc6 41. Bb5 Rc8 42. Nc1 Qd8 43. Nd3 Nd7 44. Qd2 Rca8 45. Bxc6 bxc6 46. Rb7 R5a7 47. R1b2 Qc8 48. R7b3 Kh7 49. Kg2 Ra3 50. Rb7 R3a7 51. Rxa7 Rxa7 52. Ra2 Qa8 53. Nb4 Ra4 54. Qc2 Rxa2 55. Qxa2 Qxa2+ 56. Nxa2 Kg8 57. Nb4 Nb8 58. Kh3 Kf7 59. Kh4 g6 60. h3 Ke7 61. g4 Ke8 62. Nd3 Nd7 63. Nb4 Nb8 64. Kg3 Kd8 65. gxf5 exf5 66. h4 h5 67. Nd3 Nd7 68. Ne5 Kc7 69. Nxg6 1-0

[Event "GEO-ch 1st League 2021"]
[Site "Tbilisi"]
[Date "2021.04.02"]
[Round "5.4"]
[White "Adamia, Jaba"]
[Black "Akhvlediani, Irakli"]
[Result "0-1"]
[ECO "D02"]
[WhiteElo "1899"]
[BlackElo "2355"]
[Annotator "ChessBase"]
[PlyCount "92"]
[EventDate "2021.03.29"]
[EventType "swiss"]
[EventCountry "GEO"]
[SourceTitle "playchess.com"]
[Source "ChessBase"]
[SourceQuality "1"]
[TimeControl "5400+30"]

1. Nf3 c5 2. g3 d5 3. d4 cxd4 4. Nxd4 e5 5. Nb3 Nf6 6. Bg2 Be6 7. c4 Nc6 8. cxd5 Bxd5 9. O-O Bxg2 10. Kxg2 h6 11. Be3 Qc7 12. Nc3 Rd8 13. Nb5 Qc8 14. Qc1 a6 15. Na7 Nxa7 16. Bxa7 Qe6 17. Rd1 Rxd1 18. Qxd1 Be7 19. Rc1 O-O 20. Bc5 Rd8 21. Qe1 Bxc5 22. Rxc5 Ne4 23. Rc2 Qf5 24. f3 Ng5 25. Rd2 Rc8 26. Qd1 e4 27. Rd8+ Rxd8 28. Qxd8+ Kh7 29. Qd1 h5 30. Nd2 h4 31. gxh4 Qh3+ 32. Kh1 Qxh4 33. Nxe4 Nxe4 34. Qb1 Kh6 35. fxe4 Qf2 36. Qd1 f6 37. e5 fxe5 38. Qd6+ g6 39. Qd2+ g5 40. h3 e4 41. Qd6+ Kh5 42. Qd7 Qf1+ 43. Kh2 Qxe2+ 44. Kg1 Kh4 45. Qf5 Qe1+ 46. Kh2 Qg3+ 0-1

[Event "GEO-ch 1st League 2021"]
[Site "Tbilisi"]
[Date "2021.04.02"]
[Round "5.5"]
[White "Qalichava, Akaki"]
[Black "Tsotsonava, Elene"]
[Result "1-0"]
[ECO "B33"]
[WhiteElo "1877"]
[BlackElo "1891"]
[Annotator "NA"]
[PlyCount "69"]
[EventDate "2021.03.29"]
[EventType "swiss"]
[EventCountry "GEO"]
[SourceTitle "playchess.com"]
[Source "ChessBase"]
[SourceQuality "1"]
[TimeControl "5400+30"]

1. e4 c5 2. Nf3 Nc6 3. d4 cxd4 4. Nxd4 Nf6 5. Nc3 e5 6. Ndb5 d6 7. Bg5 a6 8. Na3 b5 9. Nd5 Be7 10. Bxf6 Bxf6 11. c3 O-O 12. Nc2 Bg5 13. a4 bxa4 14. Rxa4 a5 15. Bc4 Rb8 16. b3 Kh8 17. Nce3 g6 18. h4 Bxh4 19. g3 Bg5 20. f4 exf4 21. gxf4 Bh4+ 22. Kd2 f5 23. Rh2 g5 24. Qh1 Rb7 25. Nxf5 Bxf5 26. exf5 Rxf5 27. Ne3 Rxf4 28. Qxc6 Rc7 29. Qd5 Rc5 30. Qd3 g4 31. Bd5 g3 32. Rxf4 gxh2 33. Qd4+ Bf6 34. Rxf6 Rxd5 35. Rf8# 1-0

[Event "GEO-ch 1st League 2021"]
[Site "Tbilisi"]
[Date "2021.04.02"]
[Round "5.6"]
[White "Lomaia, Diana"]
[Black "Nigalidze, Gaioz"]
[Result "0-1"]
[ECO "D87"]
[WhiteElo "2111"]
[BlackElo "2480"]
[Annotator "ChessBase"]
[PlyCount "92"]
[EventDate "2021.03.29"]
[EventType "swiss"]
[EventCountry "GEO"]
[SourceTitle "playchess.com"]
[Source "ChessBase"]
[SourceQuality "1"]
[TimeControl "5400+30"]

1. d4 Nf6 2. c4 g6 3. Nc3 d5 4. cxd5 Nxd5 5. e4 Nxc3 6. bxc3 Bg7 7. Bc4 O-O 8. Ne2 c5 9. Be3 Qc7 10. Rc1 Nc6 11. O-O Na5 12. Bd3 b6 13. d5 c4 14. Bb1 e5 15. f4 exf4 16. Bxf4 Qc5+ 17. Kh1 Bg4 18. h3 Bxe2 19. Qxe2 Rad8 20. Bg5 Rde8 21. Qd2 Nb7 22. Bf6 Nd6 23. Bxg7 Kxg7 24. Qf4 f6 25. Rf3 Re5 26. Rcf1 Rf7 27. Qh4 Ne8 28. Qg3 Qe7 29. Rf5 Nd6 30. Rxe5 fxe5 31. Rxf7+ Nxf7 32. Qe1 Qa3 33. Kh2 Qb2 34. h4 h5 35. Kh3 b5 36. Kh2 a5 37. a3 Qxa3 38. Bc2 b4 39. cxb4 axb4 40. Bd1 Qc1 41. Qxb4 Qxd1 42. Qxc4 Qg4 43. g3 Qf3 44. Qb4 Qf2+ 45. Kh1 Qxg3 46. Qe7 Qe1+ 0-1

[Event "GEO-ch 1st League 2021"]
[Site "Tbilisi"]
[Date "2021.04.02"]
[Round "5.7"]
[White "Tutisani, Noe"]
[Black "Tskipurishvili, Daviti"]
[Result "1/2-1/2"]
[ECO "B12"]
[WhiteElo "2427"]
[BlackElo "1807"]
[Annotator "ChessBase"]
[PlyCount "78"]
[EventDate "2021.03.29"]
[EventType "swiss"]
[EventCountry "GEO"]
[SourceTitle "playchess.com"]
[Source "ChessBase"]
[SourceQuality "1"]
[TimeControl "5400+30"]

1. e4 c6 2. d4 d5 3. e5 Bf5 4. g4 Bg6 5. e6 fxe6 6. h4 h6 7. Bd3 Bxd3 8. Qxd3 Qd6 9. f4 Nd7 10. Nf3 O-O-O 11. Ne5 Nxe5 12. fxe5 Qc7 13. O-O c5 14. c3 a6 15. Kg2 Kb8 16. Be3 Nf6 17. exf6 exf6 18. dxc5 Bxc5 19. Bxc5 Qxc5 20. Nd2 e5 21. Rae1 Qe7 22. h5 Qd7 23. Qg6 Qb5 24. b3 Qa5 25. Qxg7 Qxc3 26. Nf3 e4 27. Nh2 d4 28. Qxf6 e3 29. Kh1 Ka8 30. Qb6 Rdf8 31. Rg1 Rf2 32. Rc1 Qd3 33. Qe6 Rhf8 34. Rc8+ Rxc8 35. Qxc8+ Ka7 36. Qc5+ Ka8 37. Qc8+ Ka7 38. Qc5+ Ka8 39. Qc8+ Ka7 1/2-1/2

[Event "GEO-ch 1st League 2021"]
[Site "Tbilisi"]
[Date "2021.04.02"]
[Round "5.8"]
[White "Lomsadze, Davit"]
[Black "Mindiashvili, Tengiz"]
[Result "0-1"]
[ECO "A37"]
[WhiteElo "2303"]
[BlackElo "1923"]
[Annotator "ChessBase"]
[PlyCount "108"]
[EventDate "2021.03.29"]
[EventType "swiss"]
[EventCountry "GEO"]
[SourceTitle "playchess.com"]
[Source "ChessBase"]
[SourceQuality "1"]
[TimeControl "5400+30"]

1. Nf3 c5 2. g3 Nc6 3. Bg2 g6 4. O-O Bg7 5. c4 d6 6. Nc3 Bg4 7. h3 Be6 8. d3 Qc8 9. Kh2 h5 10. e4 Nf6 11. Ng5 Bd7 12. f4 Ng4+ 13. Kh1 h4 14. f5 Nge5 15. g4 gxf5 16. exf5 Nb4 17. Nd5 Nxd5 18. cxd5 Bb5 19. Be4 Bf6 20. a4 Ba6 21. Nf3 Nxf3 22. Qxf3 Qc7 23. a5 O-O-O 24. Qg2 Kb8 25. Be3 Qd7 26. Rab1 Qb5 27. Qf2 Qb4 28. g5 Be5 29. Bd2 Qb3 30. Qf3 Qc2 31. Rfd1 Qb3 32. Rdc1 Rhg8 33. Qd1 c4 34. Qxb3 cxb3 35. g6 fxg6 36. fxg6 Rdf8 37. Bc3 Bb5 38. Bxe5 dxe5 39. Rf1 Rc8 40. Rg1 Rg7 41. Rg5 Rc2 42. Rf1 Rxb2 43. d6 exd6 44. Rf8+ Kc7 45. Rf7+ Rxf7 46. gxf7 Rf2 47. Rf5 Rxf5 48. Bxf5 b2 49. d4 e4 50. f8=Q b1=Q+ 51. Kh2 Qb2+ 52. Kh1 Qc1+ 53. Kg2 Qf1+ 54. Kh2 Bd7 0-1

[Event "GEO-ch 1st League 2021"]
[Site "Tbilisi"]
[Date "2021.04.02"]
[Round "5.9"]
[White "Elashvili, Giorgi"]
[Black "Volkov, Nika"]
[Result "0-1"]
[ECO "C10"]
[WhiteElo "1857"]
[BlackElo "2084"]
[Annotator "ChessBase"]
[PlyCount "142"]
[EventDate "2021.03.29"]
[EventType "swiss"]
[EventCountry "GEO"]
[SourceTitle "playchess.com"]
[Source "ChessBase"]
[SourceQuality "1"]
[TimeControl "5400+30"]

1. e4 c5 2. Nf3 e6 3. d4 d5 4. Nc3 Nf6 5. exd5 exd5 6. Bb5+ Nc6 7. O-O Be7 8. dxc5 Bxc5 9. Bg5 Be6 10. Bxf6 gxf6 11. Na4 Bd6 12. Nd4 Qd7 13. Qf3 Ke7 14. Bxc6 bxc6 15. Rfe1 Be5 16. Qa3+ Ke8 17. Nxe6 fxe6 18. Nb6 Qe7 19. Qxe7+ Kxe7 20. Nxa8 Rxa8 21. c3 c5 22. Re3 Rb8 23. Rb1 Rb7 24. Kf1 c4 25. Ke2 d4 26. cxd4 Bxd4 27. Rh3 Kd6 28. b3 c3 29. Kd3 Kd5 30. Rc1 Rc7 31. Rc2 a5 32. f3 e5 33. g4 Ra7 34. Rh6 Rf7 35. Rh5 Ra7 36. h4 Rf7 37. Rf5 Ke6 38. Re2 a4 39. bxa4 Ra7 40. Rh5 Rxa4 41. Rxh7 c2 42. Rxc2 Ra3+ 43. Kc4 Rxf3 44. a4 Rf4 45. Kb5 Rxg4 46. a5 Rg1 47. h5 Rb1+ 48. Ka4 Ra1+ 49. Kb5 Rb1+ 50. Kc4 Ra1 51. Kb4 Rb1+ 52. Ka4 Ra1+ 53. Kb5 Rb1+ 54. Ka6 e4 55. h6 f5 56. Rb7 Rh1 57. h7 e3 58. Kb5 f4 59. a6 f3 60. a7 f2 61. Rc6+ Kd5 62. Rd7+ Ke4 63. Rxd4+ Kxd4 64. Rc4+ Kd3 65. a8=Q f1=Q 66. Qd5+ Ke2 67. Kc5 Qf8+ 68. Kb5 Qb8+ 69. Kc5 Qc7+ 70. Kb4 Qb6+ 71. Qb5 Rb1+ 0-1

[Event "GEO-ch 1st League 2021"]
[Site "Tbilisi"]
[Date "2021.04.02"]
[Round "5.10"]
[White "Tsereteli, Tornike"]
[Black "Donghvani, Nia"]
[Result "1-0"]
[ECO "B22"]
[WhiteElo "1765"]
[BlackElo "1985"]
[Annotator "ChessBase"]
[PlyCount "93"]
[EventDate "2021.03.29"]
[EventType "swiss"]
[EventCountry "GEO"]
[SourceTitle "playchess.com"]
[Source "ChessBase"]
[SourceQuality "1"]
[TimeControl "5400+30"]

1. e4 c5 2. c3 d5 3. exd5 Qxd5 4. d4 Nc6 5. Nf3 Bf5 6. Be3 Nf6 7. Be2 cxd4 8. cxd4 Bxb1 9. Rxb1 e6 10. a3 Be7 11. O-O O-O 12. h3 Rfd8 13. b4 b5 14. Qc2 Rac8 15. Qb2 Ne4 16. Rbc1 Bf6 17. Rfd1 a6 18. Rd3 h6 19. Bd1 Nd6 20. Nd2 Nc4 21. Nxc4 bxc4 22. Bf3 Qb5 23. Rd2 Ne7 24. Rdc2 Nf5 25. Be2 Rxd4 26. Qa2 Nxe3 27. fxe3 Rdd8 28. Rxc4 Rxc4 29. Qxc4 Qe5 30. Qc5 Qg3 31. Rf1 Rd2 32. Rf3 Qe1+ 33. Bf1 Bh4 34. Qc8+ Kh7 35. Qc4 Bf2+ 36. Kh2 Rd1 37. Qc2+ f5 38. Qxf2 Qc3 39. Bxa6 Qxa3 40. Qe2 Rb1 41. e4 Qxb4 42. exf5 Qd6+ 43. g3 Qb6 44. Rf2 Qc6 45. Rf1 Rb3 46. fxe6 Qb6 47. Bd3+ 1-0

[Event "GEO-ch 1st League 2021"]
[Site "Tbilisi"]
[Date "2021.04.02"]
[Round "5.11"]
[White "Darsadze, Nikoloz"]
[Black "Chkhaidze, Nikoloz"]
[Result "0-1"]
[ECO "A46"]
[WhiteElo "1694"]
[BlackElo "2307"]
[Annotator "ChessBase"]
[PlyCount "53"]
[EventDate "2021.03.29"]
[EventType "swiss"]
[EventCountry "GEO"]
[SourceTitle "playchess.com"]
[Source "ChessBase"]
[SourceQuality "1"]
[TimeControl "5400+30"]

1. d4 Nf6 2. Nf3 d6 3. Bf4 Nbd7 4. e3 Nh5 5. Bg3 Nxg3 6. hxg3 g6 7. Be2 Bg7 8. c4 c5 9. Nc3 cxd4 10. exd4 O-O 11. O-O e5 12. dxe5 dxe5 13. Rc1 Nc5 14. b4 Ne6 15. Qb3 h5 16. Rfd1 Nd4 17. Nxd4 exd4 18. Nd5 h4 19. gxh4 Qxh4 20. Bf3 Bf5 21. Re1 Rfe8 22. Nc7 Rxe1+ 23. Rxe1 Rd8 24. Nd5 d3 25. Rd1 Bd4 26. Rd2 Kg7 27. g3 0-1

[Event "GEO-ch 1st League 2021"]
[Site "Tbilisi"]
[Date "2021.04.02"]
[Round "5.12"]
[White "Esadze, Tamari"]
[Black "Safarov, Deniel"]
[Result "1-0"]
[ECO "B66"]
[WhiteElo "1897"]
[BlackElo "1720"]
[Annotator "NA"]
[PlyCount "63"]
[EventDate "2021.03.29"]
[EventType "swiss"]
[EventCountry "GEO"]
[SourceTitle "playchess.com"]
[Source "ChessBase"]
[SourceQuality "1"]
[TimeControl "5400+30"]

1. e4 c5 2. Nf3 d6 3. d4 cxd4 4. Nxd4 Nf6 5. Nc3 Nc6 6. Bg5 e6 7. Qd2 a6 8. O-O-O h6 9. Bxf6 Qxf6 10. Nb3 b5 11. f4 Qd8 12. a3 Bb7 13. Be2 Be7 14. Kb1 Rc8 15. f5 O-O 16. fxe6 fxe6 17. Bg4 Rf6 18. Rhf1 Bf8 19. Nd5 Rxf1 20. Rxf1 exd5 21. Bxc8 Qxc8 22. Qxd5+ Kh8 23. Qf7 Be7 24. Na5 Nxa5 25. Qxe7 Qc4 26. Rf8+ Kh7 27. Qe8 g5 28. Rf7+ Kg6 29. Rc7+ Kf6 30. Qe7+ Kg6 31. Rxc4 bxc4 32. Qxd6+ 1-0

[Event "GEO-ch 1st League 2021"]
[Site "Tbilisi"]
[Date "2021.04.03"]
[Round "6.1"]
[White "Lortkipanidze, Nodar"]
[Black "Morchiashvili, Bachana"]
[Result "1-0"]
[ECO "B22"]
[WhiteElo "2416"]
[BlackElo "2313"]
[Annotator "ChessBase"]
[PlyCount "105"]
[EventDate "2021.03.29"]
[EventType "swiss"]
[EventCountry "GEO"]
[SourceTitle "playchess.com"]
[Source "ChessBase"]
[SourceQuality "1"]
[TimeControl "5400+30"]

1. e4 c5 2. c3 Nf6 3. e5 Nd5 4. g3 d6 5. exd6 e6 6. Bg2 Bxd6 7. Nf3 Nc6 8. d4 cxd4 9. Nxd4 Nxd4 10. Qxd4 O-O 11. O-O Qc7 12. Nd2 Bd7 13. Nf3 Rfd8 14. c4 Nb4 15. Qc3 Rac8 16. Rd1 Be8 17. a3 Nc6 18. Bg5 f6 19. Be3 b6 20. Rac1 Bh5 21. b4 Ne5 22. Nxe5 Bxd1 23. Nc6 Be5 24. Qe1 Ba4 25. Nxd8 Rxd8 26. Bf4 Bxf4 27. Qxe6+ Kh8 28. gxf4 Qxf4 29. Re1 h6 30. b5 Bc2 31. Bd5 Bg6 32. Qe3 Qxe3 33. fxe3 Rd7 34. a4 Bf7 35. e4 Rc7 36. Rc1 Kg8 37. Kf2 Kf8 38. Ke3 f5 39. a5 Ke7 40. Bxf7 Kxf7 41. exf5 Kf6 42. Kd4 Rd7+ 43. Ke4 Rc7 44. c5 bxc5 45. Kd5 Rd7+ 46. Kc6 Rd2 47. Kb7 Rd7+ 48. Kc6 Rd2 49. Rxc5 Rxh2 50. Kb7 h5 51. Kxa7 h4 52. b6 h3 53. b7 1-0

[Event "GEO-ch 1st League 2021"]
[Site "Tbilisi"]
[Date "2021.04.03"]
[Round "6.2"]
[White "Azaladze, Shota"]
[Black "Akhvlediani, Irakli"]
[Result "1-0"]
[ECO "E62"]
[WhiteElo "2439"]
[BlackElo "2355"]
[Annotator "ChessBase"]
[PlyCount "95"]
[EventDate "2021.03.29"]
[EventType "swiss"]
[EventCountry "GEO"]
[SourceTitle "playchess.com"]
[Source "ChessBase"]
[SourceQuality "1"]
[TimeControl "5400+30"]

1. Nf3 g6 2. g3 Bg7 3. d4 Nf6 4. Bg2 O-O 5. O-O d6 6. c4 Nc6 7. Nc3 e5 8. dxe5 dxe5 9. Bg5 Be6 10. Nd2 Qb8 11. Qa4 Nd7 12. Nd5 Nb6 13. Qd1 f6 14. Be3 Rd8 15. b4 Kh8 16. Qb3 Nd4 17. Bxd4 exd4 18. Nf4 Bg8 19. a4 a5 20. b5 f5 21. Qc2 Qa7 22. Rac1 c5 23. bxc6 bxc6 24. Bxc6 Rac8 25. Bb5 Nd5 26. Nxd5 Bxd5 27. cxd5 Rxc2 28. Rxc2 d3 29. Bxd3 Qd7 30. Rb1 Qxa4 31. Rb7 Qa1+ 32. Kg2 h6 33. Rcc7 a4 34. Nc4 Rxd5 35. Rc8+ Kh7 36. Ra8 Qf6 37. Rb6 Qf7 38. Rxa4 Rd4 39. Kg1 Qd7 40. Rab4 Rxd3 41. exd3 Qxd3 42. Ne3 h5 43. Rb7 Kh6 44. Rf7 Be5 45. Rbb7 Qd4 46. h4 Qa1+ 47. Kg2 g5 48. Rb6+ 1-0

[Event "GEO-ch 1st League 2021"]
[Site "Tbilisi"]
[Date "2021.04.03"]
[Round "6.3"]
[White "Qalichava, Akaki"]
[Black "Arabidze, Meri"]
[Result "1-0"]
[ECO "B48"]
[WhiteElo "1877"]
[BlackElo "2437"]
[Annotator "ChessBase"]
[PlyCount "117"]
[EventDate "2021.03.29"]
[EventType "swiss"]
[EventCountry "GEO"]
[SourceTitle "playchess.com"]
[Source "ChessBase"]
[SourceQuality "1"]
[TimeControl "5400+30"]

1. e4 c5 2. Nf3 e6 3. d4 cxd4 4. Nxd4 Nc6 5. Nc3 a6 6. Be3 Nf6 7. Qd2 Qc7 8. f3 Be7 9. O-O-O O-O 10. g4 b5 11. g5 Nh5 12. Nce2 Rd8 13. Ng3 Nxd4 14. Bxd4 Nf4 15. h4 Bf8 16. Bb6 Qxb6 17. Qxf4 d5 18. e5 Qa5 19. Bd3 Qxa2 20. Nh5 Ra7 21. Nf6+ Kh8 22. Nxh7 Bc5 23. g6 fxg6 24. Nf6 Qa1+ 25. Kd2 Qxb2 26. h5 Qb4+ 27. Qxb4 Bxb4+ 28. c3 g5 29. cxb4 gxf6 30. exf6 Rf7 31. Rhg1 Rxf6 32. Rxg5 Rg8 33. Rxg8+ Kxg8 34. Rc1 Rf8 35. f4 Bd7 36. Ke3 Kg7 37. h6+ Kf6 38. Rg1 Be8 39. h7 Bf7 40. Kd4 Rc8 41. Rg5 Rh8 42. Kc5 Rb8 43. Rg1 e5 44. fxe5+ Kxe5 45. Rf1 Be6 46. Bg6 d4 47. Re1+ Kf6 48. Kxd4 Kxg6 49. Rxe6+ Kxh7 50. Kc5 Rc8+ 51. Kb6 Kg7 52. Kxa6 Kf7 53. Re5 Ra8+ 54. Kxb5 Kf6 55. Re1 Rb8+ 56. Kc5 Rc8+ 57. Kd6 Rb8 58. Rf1+ Kg6 59. Rb1 1-0

[Event "GEO-ch 1st League 2021"]
[Site "Tbilisi"]
[Date "2021.04.03"]
[Round "6.5"]
[White "Volkov, Nika"]
[Black "Petriashvili, Nikoloz"]
[Result "0-1"]
[ECO "E65"]
[WhiteElo "2084"]
[BlackElo "2425"]
[Annotator "ChessBase"]
[PlyCount "112"]
[EventDate "2021.03.29"]
[EventType "swiss"]
[EventCountry "GEO"]
[SourceTitle "playchess.com"]
[Source "ChessBase"]
[SourceQuality "1"]
[TimeControl "5400+30"]

1. g3 c5 2. c4 g6 3. Bg2 Bg7 4. Nf3 Nc6 5. O-O d6 6. e3 Nf6 7. d4 O-O 8. Nc3 Bg4 9. h3 Bxf3 10. Bxf3 Nd7 11. Ne2 Qb6 12. Bxc6 bxc6 13. b3 a5 14. Rb1 a4 15. Bb2 axb3 16. axb3 Rfb8 17. Bc3 cxd4 18. Bxd4 Bxd4 19. Nxd4 Ne5 20. f4 Nd7 21. Qf3 Ra6 22. Ra1 c5 23. Nb5 Nf6 24. Rxa6 Qxa6 25. e4 Qc6 26. e5 Qxf3 27. Rxf3 dxe5 28. fxe5 Nd7 29. Re3 e6 30. Kf2 Ra8 31. g4 Ra2+ 32. Kg3 Rd2 33. h4 h6 34. Kf4 Kf8 35. Nc3 Ke7 36. Ne4 Rh2 37. Kg3 Rh1 38. Nf2 Rg1+ 39. Kf3 Kd8 40. Nh3 Rf1+ 41. Kg2 Rb1 42. Nf2 Rb2 43. Kg3 Ke7 44. Kf3 Rd2 45. Kg3 Rb2 46. Kf3 Kd8 47. Nd1 Rb1 48. Rd3 Ke7 49. Ke4 Ke8 50. Kf4 g5+ 51. hxg5 hxg5+ 52. Ke4 Ke7 53. Ne3 Rb2 54. Nd1 Rg2 55. Re3 Rxg4+ 56. Kd3 Rf4 0-1